AoeStats
← Blyad _Mann

Fortress

509581404Analyzed
4v4 RM · 5d ago on Sep 27, 2026· 76m 44s· 8 players
Game mode
Random Map
Map size
Huge
Population
200
Speed
Normal
Resources
Standard
Victory
Conquest
Starting age
Dark Age
Ending age
Imperial Age
RankedLock teamsTeams togetherTeam positionsShared explorationLock speedFull tech treeHidden civsTurbo modeCheats
Victory
Defeat
🇨🇳 Huns · China
1019
+12
🇮🇳 Italians · India
935
+16
🇨🇳 Persians · China
926
+16
🇨🇳 Poles · China
925
+16
🇫🇷 Britons · France
958
-16
🇩🇪 Teutons · Germany
934
-15
🇳🇱 Varangians · Netherlands
926
-15
🇦🇷 Koreans · Argentina
909
-14
Osman1453
8:05 Feudal Age
8:38 Double-Bit Axe
8:38 Horse Collar
8:51 Gold Mining
15:58 Castle Age
15:04 Stone Mining
15:45 Scale Mail Armor
15:56 Forging
17:50 Bow Saw
22:20 Fervor
23:13 Heavy Plow
24:36 Stone Shaft Mining
29:45 Chain Mail Armor
30:06 Iron Casting
33:19 Imperial Age
32:26 Fortified Wall
32:38 Ballistics
32:15 Fletching
32:25 Padded Archer Armor
33:24 Elite Teutonic Knight
35:19 Plate Mail Armor
35:52 Blast Furnace
36:18 Chemistry
36:05 Conscription
45:13 Cavalier
46:04 Bloodlines
46:01 Scale Barding Armor
49:50 Two-Man Saw
48:18 Paladin
49:25 Chain Barding Armor
51:59 Plate Barding Armor
Blyad _Mann
0:28 Loom
7:58 Feudal Age
8:41 Double-Bit Axe
8:37 Horse Collar
13:51 Castle Age
13:16 Forging
13:06 Scale Mail Armor
13:00 Gold Mining
16:56 Wheelbarrow
17:43 Bow Saw
24:56 Imperial Age
22:51 Heavy Plow
22:43 Gambesons
23:13 Squires
24:55 Iron Casting
24:35 Chain Mail Armor
25:00 Hand Cart
24:45 Pikeman
26:04 Conscription
25:07 Gothikon
26:28 Elite Varangian Guard
34:34 Two-Man Saw
34:29 Chain Mail Armor
37:39 Blast Furnace
37:09 Plate Mail Armor
40:35 Plate Mail Armor
39:49 Halberdier
48:06 Scale Barding Armor
48:54 Arson
50:55 Conscription
53:04 Vendel Legacy
53:04 Elite Jarl
54:49 Bloodlines
54:39 Husbandry
53:59 Cavalier
55:10 Chain Barding Armor
60:51 Plate Barding Armor
Aldous Barbarossa
6:17 Loom
8:03 Feudal Age
12:16 Castle Age
11:10 Double-Bit Axe
11:17 Horse Collar
15:29 Wheelbarrow
17:55 Pikeman
18:36 Squires
18:21 Arson
22:03 Bow Saw
28:47 Imperial Age
26:12 Fletching
26:55 Ballistics
29:09 Halberdier
30:32 Fortified Wall
33:07 Chemistry
33:44 Scale Mail Armor
33:55 Forging
33:41 Bodkin Arrow
51:56 Conscription
Kedyros
3:15 Loom
6:58 Feudal Age
12:20 Castle Age
11:00 Double-Bit Axe
22:48 Imperial Age
21:12 Fletching
24:28 Elite Longbowman
26:00 Bodkin Arrow
27:09 Yeomen
29:43 Conscription
29:42 Bracer
29:42 Padded Archer Armor
30:49 Chemistry
31:01 Wheelbarrow
31:43 Ballistics
31:42 Leather Archer Armor
35:47 Elite Skirmisher
52:11 Ring Archer Armor
52:10 Pikeman
53:23 Forging
62:19 Squires
62:29 Scale Mail Armor
63:05 Iron Casting
64:34 Halberdier
iamlegolas312
0:31 Loom
7:52 Feudal Age
8:48 Double-Bit Axe
8:45 Horse Collar
8:58 Gold Mining
10:30 Town Watch
15:58 Castle Age
14:39 Stone Mining
18:22 Silk Road
17:57 Fletching
18:07 Padded Archer Armor
19:06 Caravan
22:26 Wheelbarrow
22:53 Fervor
23:25 Hand Cart
25:41 Bodkin Arrow
26:30 Bow Saw
31:19 Imperial Age
30:16 Thumb Ring
32:11 Leather Archer Armor
32:14 Heavy Plow
32:17 Town Patrol
33:18 Conscription
33:08 Elite Genoese Crossbowman
34:16 Squires
34:03 Arson
35:34 Bracer
36:05 Ring Archer Armor
36:38 Chemistry
35:19 Treadmill Crane
35:34 Murder Holes
37:08 Bloodlines
36:19 Cavalier
38:08 Forging
38:04 Scale Barding Armor
38:14 Masonry
38:25 Ballistics
39:04 Pirotechnia
40:18 Iron Casting
40:03 Chain Barding Armor
48:21 Light Cavalry
50:08 Blast Furnace
49:48 Plate Barding Armor
53:15 Hussar
54:39 Scale Mail Armor
55:25 Hoardings
58:01 Chain Mail Armor
62:22 Two-Man Saw
61:55 Architecture
73:30 Plate Mail Armor
73:14 Fortified Wall
73:26 Bombard Tower
73:06 Pikeman
伐木人
7:11 Feudal Age
7:55 Double-Bit Axe
12:08 Castle Age
10:39 Horse Collar
12:08 Wheelbarrow
11:19 Loom
12:11 Wheelbarrow
11:26 Loom
22:26 Hand Cart
22:49 Town Watch
28:25 Imperial Age
26:57 Forging
28:14 Heavy Plow
28:27 Kamandaran
28:21 Fletching
28:32 Padded Archer Armor
28:02 Elite Skirmisher
30:56 Conscription
31:03 Bodkin Arrow
31:24 Leather Archer Armor
32:11 Chemistry
31:22 Masonry
31:50 Town Patrol
32:20 Bow Saw
32:27 Husbandry
33:24 Cavalier
35:13 Two-Man Saw
37:29 Crop Rotation
37:32 Scale Barding Armor
38:12 Ballistics
38:26 Architecture
38:26 Crossbowman
39:13 Thumb Ring
38:50 Savar
39:35 Sappers
41:01 Bloodlines
40:12 Light Cavalry
45:07 Iron Casting
44:15 Hussar
48:08 Chain Barding Armor
54:04 Gambesons
54:05 Arson
53:41 Man-at-Arms
54:23 Squires
56:59 Caravan
57:41 Long Swordsman
60:29 Scale Mail Armor
61:53 Chain Mail Armor
67:22 Blast Furnace
66:53 Plate Mail Armor
68:21 Onager
69:24 Heavy Scorpion
70:49 Gold Mining
70:49 Stone Mining
72:09 Guard Tower
74:14 Capped Ram
Hao
8:26 Feudal Age
12:10 Castle Age
10:18 Double-Bit Axe
10:45 Horse Collar
16:29 Man-at-Arms
19:59 Bow Saw
20:40 Heavy Plow
22:05 Wheelbarrow
21:17 Loom
22:46 Scale Barding Armor
22:52 Forging
22:57 Gold Mining
23:37 Marauders
23:53 Husbandry
24:04 Bloodlines
25:47 Gold Shaft Mining
25:37 Chain Barding Armor
26:03 Iron Casting
26:19 Hand Cart
26:55 Man-at-Arms
27:13 Man-at-Arms
30:11 Stone Mining
36:01 Imperial Age
36:04 Elite Tarkan
37:26 Plate Barding Armor
37:55 Blast Furnace
40:21 Light Cavalry
46:29 Guilds
54:31 Caravan
61:31 Hussar
63:36 Thumb Ring
62:53 Heavy Cavalry Archer
64:11 Parthian Tactics
63:42 Fletching
63:53 Padded Archer Armor
64:00 Padded Archer Armor
66:17 Leather Archer Armor
65:58 Bodkin Arrow
67:30 Bracer
69:32 Conscription
69:45 Ballistics
70:25 Chemistry
xiaoye
7:26 Feudal Age
7:51 Horse Collar
9:01 Loom
10:12 Double-Bit Axe
10:29 Gold Mining
13:30 Castle Age
13:41 Wheelbarrow
14:39 Town Watch
15:07 Squires
17:31 Heavy Plow
21:03 Forging
22:22 Scale Mail Armor
27:13 Hand Cart
30:33 Stone Mining
32:39 Szlachta Privileges
35:57 Imperial Age
34:22 Bloodlines
34:13 Husbandry
39:27 Crop Rotation
48:53 Light Cavalry
52:48 Winged Hussar
53:51 Caravan
56:22 Iron Casting
58:28 Blast Furnace
57:35 Scale Barding Armor
57:45 Chain Mail Armor
58:56 Cavalier
60:43 Chain Barding Armor
60:14 Fletching
65:27 Town Patrol
75:24 Chemistry
74:29 Siege Engineers
74:35 Masonry
76:33 Bombard Tower
Connection lost

Rejoining the realm…

Still unreachable

The connection could not be restored.

Session expired

The server has moved on; the page needs a fresh start.